Map: Coda LE (Void)

Players

YumYum - Winner!

  • Race: Protoss Protoss
  • League: Grandmaster

Tobnac

  • Race: Zerg Zerg
  • League: Grandmaster

VOD

Have the link to the VOD?

Description

Time

  • Played on: June 4, 2015, 1:34 p.m.
  • Length: 9:45
Show
View Real Time Build Order
Export as new Build Order

YumYum Protoss - Winner!

Build Orders: 1 Gate Expand 

Get SALT Encoding   

  12  0:00  Probe  
  13  0:14  Pylon  
  13  0:18  Probe  
  14  0:32  Probe (Chrono Boost)  
  15  0:36  Gateway  
  15  0:41  Probe (Chrono Boost)  
  16  0:45  Assimilator  
  16  0:49  Probe  
  17  1:01  Probe  
  18  1:13  Probe  
  19  1:22  Nexus  
  19  1:25  Probe  
  20  1:36  Cybernetics Core  
  20  1:42  Probe  
  21  1:47  Pylon  
  21  1:54  Probe  
  21  2:01  Assimilator  
  22  2:10  Probe  
  25  2:22  Forge  
  23  2:25  Probe (Chrono Boost)  
  23  2:28  Warp Gate  
  24  2:33  Sentry  
  28  2:37  Probe (Chrono Boost)  
  28  2:38  Gateway, Probe (Chrono Boost)  
  28  2:48  Mothership Core (Chrono Boost)  
  31  2:53  Probe (Chrono Boost)  
  31  3:01  Pylon  
  31  3:03  Gateway  
  31  3:09  Probe  
  31  3:10  Probe  
  33  3:17  Photon Cannon  
  33  3:22  Probe x2  
  35  3:41  Probe x2  
  37  3:49  Twilight Council  
  37  3:51  Pylon  
  37  3:53  Protoss Ground Weapons Level 1 (Chrono Boost)  
  37  3:55  Probe x2  
  39  4:05  Pylon  
  39  4:08  Sentry (Chrono Boost)  
  39  4:09  Sentry (Chrono Boost)  
  43  4:11  Probe (Chrono Boost)  
  43  4:15  Probe (Chrono Boost)  
  45  4:23  Probe (Chrono Boost)  
  47  4:26  Probe (Chrono Boost)  
  47  4:29  Pylon, Blink (Chrono Boost)  
  47  4:34  Assimilator  
  47  4:36  Probe, Assimilator  
  47  4:37  Probe  
  49  4:49  Stalker x2  
  53  4:53  Zealot  
  55  5:00  Probe x2  
  57  5:12  Probe  
  58  5:23  Gateway  
  58  5:24  Gateway x2  
  58  5:25  Pylon  
  58  5:30  Robotics Facility  
  58  5:35  Probe  
  58  5:36  Probe  
  58  5:39  Protoss Ground Weapons Level 2 (Chrono Boost)  
  58  5:41  Stalker x2  
  58  5:42  Stalker  
  66  5:50  Pylon, Photon Cannon  
  66  5:53  Probe x2  
  68  6:06  Stalker x3  
  74  6:12  Pylon  
  74  6:20  Stalker x3  
  80  6:30  Observer (Chrono Boost)  
  81  6:34  Stalker x3  
  81  6:39  Stalker x3  
  93  6:55  Stalker  
  91  7:06  Stalker x3  
  91  7:07  Stalker x2  
  85  7:23  Zealot  
  85  7:31  Stalker  
  85  7:32  Stalker x4  
  95  7:49  Stalker x2  
  99  7:54  Pylon x2  
  99  7:57  Pylon  
  99  8:00  Pylon  
  99  8:19  Stalker x4  
  107  8:20  Stalker x2  
  111  8:41  Nexus  
  111  8:49  Stalker x5  
  109  9:22  Stalker x2  
  105  9:24  Stalker  
  105  9:25  Stalker x3  
Show
View Real Time Build Order
Export as new Build Order

Tobnac Zerg 

Build Orders: 3 Hatch before Pool 

Get SALT Encoding   

  12  0:08  Overlord  
  12  0:18  Drone  
  12  0:19  Drone  
  14  0:26  Drone  
  15  0:33  Drone  
  16  0:40  Drone  
  17  0:56  Hatchery  
  16  1:00  Drone  
  17  1:22  Drone  
  18  1:27  Hatchery  
  17  1:36  Spawning Pool  
  17  1:38  Drone  
  17  1:41  Drone  
  17  1:45  Drone  
  19  1:49  Drone  
  20  1:59  Drone  
  21  2:13  Drone x2  
  23  2:21  Drone  
  24  2:27  Drone, Queen  
  27  2:33  Overlord  
  27  2:39  Drone, Queen  
  27  2:41  Drone x2  
  32  2:45  Queen  
  32  2:49  Extractor  
  33  2:53  Roach Warren  
  33  2:56  Drone  
  33  3:00  Drone, Extractor  
  33  3:02  Drone  
  33  3:04  Drone  
  35  3:06  Drone  
  36  3:13  Queen  
  38  3:21  Queen  
  40  3:27  Drone x2  
  40  3:29  Overlord  
  42  3:47  Overlord x2  
  42  3:51  Drone x7  
  42  3:52  Drone  
  50  4:05  Drone x6  
  50  4:06  Drone  
  57  4:17  Lair  
  57  4:19  Metabolic Boost  
  57  4:22  Zergling x4  
  59  4:30  Drone x7  
  66  4:39  Extractor x2  
  66  4:41  Drone x3, Extractor  
  66  4:44  Extractor  
  65  4:47  Overlord x3  
  65  4:54  Spore Crawler  
  65  4:58  Spore Crawler, Drone x3  
  64  5:15  Zergling x4  
  64  5:16  Roach x3, Zergling x18  
  81  5:26  Glial Reconstitution  
  81  5:33  Hydralisk Den  
  81  5:34  Evolution Chamber x2  
  78  5:41  Drone x4  
  78  5:42  Drone x8  
  90  6:02  Overlord x6  
  89  6:22  Hydralisk x4, Roach  
  89  6:23  Roach x5  
  109  6:30  Zerg Missile Weapons Level 1, Zerg Ground Armor Level 1  
  109  6:34  Muscular Augments  
  109  6:48  Overlord  
  109  6:49  Overlord x3  
  104  6:57  Zergling x12  
  104  6:58  Zergling x12  
  104  6:59  Zergling x2  
  76  7:19  Hydralisk x4  
  76  7:20  Roach x5  
  76  7:22  Roach  
  74  7:47  Hydralisk x2  
  74  7:48  Hydralisk x2, Roach x4  
  74  7:49  Roach  
  88  8:03  Hydralisk  
  88  8:04  Hydralisk, Roach x2  
  93  8:17  Zergling x2  
  93  8:18  Zergling x14  
  99  8:31  Zergling x2  
  99  8:32  Zergling x6  
  94  9:19  Hydralisk  
  94  9:20  Hydralisk x7  
  94  9:21  Hydralisk x3  
  94  9:23  Zergling x2  
  112  9:36  Roach Warren  
Tags
 
Add a new tag
Caveats
  • Supply blocks, unpowered buildings, or Contaminate may cause inaccurate times.
  • Supply counts are checked every 10 seconds.